AA
EAGLE RIVER FAT BOYS @ FORT LEE GENERALS
07/10/2060
 
TOP OF THE 1ST
Eagle River Fat Boys batting - Pitching for Fort Lee Generals : RHP Solomon Dockery
Pitching: RHP Solomon Dockery
Batting: LHB Archibald Vasquez 0-0: Called Strike
0-1: Ground out 4-3 (Groundball, 4, EV 80.0 MPH)
Batting: LHB Drew Katus 0-0: Called Strike
0-1: Swinging Strike
0-2: Strikes out swinging
Batting: LHB Zander Compton 0-0: Called Strike
0-1: Ground out 6-3 (Groundball, 6, EV 81.9 MPH)
Top of the 1st over - 0 runs, 0 hits, 0 errors, 0 left on base; Eagle River 0 - Fort Lee 0
BOTTOM OF THE 1ST
Fort Lee Generals batting - Pitching for Eagle River Fat Boys : LHP Wes Boyle
Pitching: LHP Wes Boyle
Batting: RHB Dillon Brady 0-0: Ball
1-0: Ball
2-0: Called Strike
2-1: Foul Ball, location: 2F
2-2: Foul Ball, location: 2F
2-2: Ball
3-2: Foul Ball, location: 2F
3-2: Ground out 1-3 (Groundball, 13, EV 68.8 MPH)
Batting: RHB Corby Maish 0-0: Ball
1-0: SINGLE (Groundball, 4D, EV 97.5 MPH)
Batting: RHB Trevon Nixon 0-0: Called Strike
0-1: Ball
1-1: Grounds into double play, 6-4-3 (Groundball, 6, EV 108.1 MPH)
Bottom of the 1st over - 0 runs, 1 hit, 0 errors, 0 left on base; Eagle River 0 - Fort Lee 0
TOP OF THE 2ND
Eagle River Fat Boys batting - Pitching for Fort Lee Generals : RHP Solomon Dockery
Batting: SHB James Van Doorne 0-0: Swinging Strike
0-1: Foul Ball, location: 2F
0-2: Ball
1-2: Foul Ball, location: 2F
1-2: Fly out, F9 (Line Drive, 9, EV 102.5 MPH)
Batting: RHB Paul Finlayson 0-0: Called Strike
0-1: Swinging Strike
0-2: Foul Ball, location: 2F
0-2: Ball
1-2: Strikes out swinging
Batting: RHB J.T. Villagran 0-0: Called Strike
0-1: Foul Ball, location: 2F
0-2: Ground out 1-3 (Groundball, 15S, EV 67.5 MPH)
Top of the 2nd over - 0 runs, 0 hits, 0 errors, 0 left on base; Eagle River 0 - Fort Lee 0
BOTTOM OF THE 2ND
Fort Lee Generals batting - Pitching for Eagle River Fat Boys : LHP Wes Boyle
Batting: SHB Martavious Visser 0-0: Ball
1-0: Swinging Strike
1-1: Ball
2-1: Ground out 5-3 (Groundball, 56S, EV 63.1 MPH)
Batting: RHB Samuel Bowles 0-0: Swinging Strike
0-1: Ball
1-1: Swinging Strike
1-2: Strikes out swinging
Batting: RHB Zane Poe 0-0: Ground out 6-3 (Groundball, 6, EV 98.1 MPH)
Bottom of the 2nd over - 0 runs, 0 hits, 0 errors, 0 left on base; Eagle River 0 - Fort Lee 0
TOP OF THE 3RD
Eagle River Fat Boys batting - Pitching for Fort Lee Generals : RHP Solomon Dockery
Batting: RHB Phil Radil 0-0: Ball
1-0: Called Strike
1-1: Ball
2-1: Ball
3-1: SINGLE (Groundball, 56D, EV 95.6 MPH)
Batting: RHB Corey Benson 0-0: Ball
1-0: Foul Ball, location: 2F
1-1: Ball
2-1: Called Strike
2-2: Fly out, F9 (Flyball, 9D, EV 103.8 MPH)
Batting: RHB Melville Axon 0-0: Foul Ball, location: 2F
0-1: Ball
1-1: Called Strike
1-2: Ball
2-2: Ball
3-2: Ground out 5-3 (Groundball, 56S, EV 65.6 MPH)
Phil Radil to second
Batting: LHB Archibald Vasquez Balk!
Phil Radil to third
0-0: Ball
1-0: Fly out, F8 (Flyball, 8LXD, EV 81.2 MPH)
Top of the 3rd over - 0 runs, 1 hit, 0 errors, 1 left on base; Eagle River 0 - Fort Lee 0
BOTTOM OF THE 3RD
Fort Lee Generals batting - Pitching for Eagle River Fat Boys : LHP Wes Boyle
Batting: RHB Brian Heard 0-0: Ball
1-0: Ball
2-0: Fly out, F8 (Line Drive, 8RD, EV 95.6 MPH)
Batting: SHB Dallas Johnson 0-0: DOUBLE (Line Drive, 89XD, EV 111.2 MPH)
Batting: LHB Rod Pamungkas 0-0: Ball
Dallas Johnson steals 3rd base
1-0: Ball
2-0: Ball
3-0: Called Strike
3-1: SINGLE (Groundball, 56D, EV 103.8 MPH)
Dallas Johnson scores
Batting: RHB Dillon Brady 0-0: Ball
1-0: Called Strike
1-1: Foul Ball, location: 2F
1-2: Foul Ball, location: 2F
1-2: Ball
2-2: Fielders Choice at 2nd, 4-6 (Groundball, 34S, EV 82.5 MPH)
Batting: RHB Corby Maish 0-0: Called Strike
Dillon Brady steals 2nd base
0-1: Ball
1-1: Ball
2-1: Foul Ball, location: 2F
2-2: Foul Ball, location: 2F
2-2: Foul Ball, location: 2F
2-2: Ball
3-2: Ground out 6-3 (Groundball, 6, EV 85.0 MPH)
Bottom of the 3rd over - 1 run, 2 hits, 0 errors, 1 left on base; Eagle River 0 - Fort Lee 1
TOP OF THE 4TH
Eagle River Fat Boys batting - Pitching for Fort Lee Generals : RHP Solomon Dockery
Batting: LHB Drew Katus 0-0: Called Strike
0-1: Foul Ball, location: 2F
0-2: Ball
1-2: Ball
2-2: Reached on error, E3 (Groundball, 34, EV 97.5 MPH)
Batting: LHB Zander Compton 0-0: DOUBLE (Line Drive, 9LS, EV 99.4 MPH)
Drew Katus to third
Batting: SHB James Van Doorne 0-0: Swinging Strike
0-1: Ball
1-1: Called Strike
1-2: Foul Ball, location: 2F
1-2: Fly out, F8 (Flyball, 8LD, EV 97.5 MPH)
Runner from 3rd tags up, SCORES, throw by CF
Zander Compton to third
Batting: RHB Paul Finlayson 0-0: Ball
1-0: Ball
2-0: Ball
3-0: Base on Balls
Batting: RHB J.T. Villagran 0-0: Called Strike
0-1: Ball
1-1: Fly out, F3 (Popup, 3F, EV 65.6 MPH)
Batting: RHB Phil Radil 0-0: Called Strike
0-1: Swinging Strike
0-2: Ball
1-2: Strikes out looking
Top of the 4th over - 1 run, 1 hit, 1 error, 2 left on base; Eagle River 1 - Fort Lee 1
BOTTOM OF THE 4TH
Fort Lee Generals batting - Pitching for Eagle River Fat Boys : LHP Wes Boyle
Batting: RHB Trevon Nixon 0-0: Ball
1-0: Ball
2-0: Ball
3-0: Called Strike
3-1: Fly out, F8 (Flyball, 8RM, EV 91.9 MPH)
Batting: SHB Martavious Visser 0-0: Foul Ball, location: 2F
0-1: Ground out 6-3 (Groundball, 6S, EV 81.2 MPH)
Batting: RHB Samuel Bowles 0-0: Ball
1-0: Swinging Strike
1-1: Ball
2-1: SINGLE (Groundball, 56D, EV 96.2 MPH)
Batting: RHB Zane Poe 0-0: Called Strike
0-1: Swinging Strike
0-2: Foul Ball, location: 2F
0-2: Ball
1-2: Ball
2-2: SINGLE (Groundball, 56D, EV 99.4 MPH)
Samuel Bowles to second
Batting: RHB Brian Heard 0-0: Called Strike
0-1: Ball
1-1: Foul Ball, location: 2F
1-2: 3-RUN HOME RUN (Flyball, 89XD, EV 100.0 MPH), Distance : 406 ft
Batting: SHB Dallas Johnson 0-0: Called Strike
0-1: Fly out, F9 (Flyball, 89M, EV 89.4 MPH)
Bottom of the 4th over - 3 runs, 3 hits, 0 errors, 0 left on base; Eagle River 1 - Fort Lee 4
TOP OF THE 5TH
Eagle River Fat Boys batting - Pitching for Fort Lee Generals : RHP Solomon Dockery
Batting: RHB Corey Benson 0-0: Ball
1-0: Ball
2-0: Foul Ball, location: 2F
2-1: Called Strike
2-2: Ball
3-2: Base on Balls
Batting: RHB Melville Axon 0-0: Ball
1-0: Ball
2-0: Fly out, F7 (Flyball, 78XD, EV 106.2 MPH)
Batting: LHB Archibald Vasquez 0-0: Foul Ball, location: 2F
0-1: Ball
1-1: Ground out U3 (Groundball, 34S, EV 82.5 MPH)
Corey Benson to second
Batting: LHB Drew Katus 0-0: Foul Ball, location: 2F
0-1: Foul Ball, location: 2F
0-2: Ball
1-2: SINGLE (Line Drive, 5D, EV 96.9 MPH)
Corey Benson to third
Runner from 3rd tries for Home, SAFE, throw by LF to home
Batting: LHB Zander Compton 0-0: Ball
1-0: Foul Ball, location: 2F
1-1: Ball
2-1: Foul Ball, location: 2F
2-2: Ball
3-2: Strikes out looking
Top of the 5th over - 1 run, 1 hit, 0 errors, 1 left on base; Eagle River 2 - Fort Lee 4
BOTTOM OF THE 5TH
Fort Lee Generals batting - Pitching for Eagle River Fat Boys : LHP Wes Boyle
Batting: LHB Rod Pamungkas 0-0: Called Strike
0-1: Foul Ball, location: 2F
0-2: Ball
1-2: Foul Ball, location: 2F
1-2: Strikes out swinging
Batting: RHB Dillon Brady 0-0: SINGLE (Groundball, 5S, EV 75.0 MPH) (infield hit)
Batting: RHB Corby Maish 0-0: Called Strike
Dillon Brady steals 2nd base
0-1: Foul Ball, location: 2F
0-2: Ball
1-2: Foul Ball, location: 2F
1-2: Ball
2-2: Strikes out swinging
Batting: RHB Trevon Nixon 0-0: Ball
1-0: 2-RUN HOME RUN (Flyball, 7D, EV 95.6 MPH), Distance : 373 ft
Pitching: RHP Danny Boone
Batting: SHB Martavious Visser 0-0: Ground out U3 (Groundball, 3, EV 83.1 MPH)
Bottom of the 5th over - 2 runs, 2 hits, 0 errors, 0 left on base; Eagle River 2 - Fort Lee 6
TOP OF THE 6TH
Eagle River Fat Boys batting - Pitching for Fort Lee Generals : RHP Solomon Dockery
Batting: SHB James Van Doorne 0-0: Called Strike
0-1: Ball
1-1: DOUBLE (Line Drive, 89XD, EV 105.6 MPH)
Batting: RHB Paul Finlayson 0-0: Ball
1-0: Foul Ball, location: 2F
1-1: Swinging Strike
1-2: Ball
2-2: Ball
3-2: Foul Ball, location: 2F
3-2: SINGLE (Groundball, 56D, EV 102.5 MPH)
James Van Doorne to third
Batting: RHB J.T. Villagran 0-0: Called Strike
0-1: Ball
1-1: SINGLE (Groundball, 4MS, EV 63.1 MPH) (infield hit)
James Van Doorne scores
Paul Finlayson to second
Batting: RHB Phil Radil 0-0: Ball
1-0: SINGLE (Line Drive, 6MD, EV 105.0 MPH)
Paul Finlayson to third
J.T. Villagran to second
Batting: RHB Corey Benson 0-0: Called Strike
0-1: Grounds into fielders choice 6-2 (Groundball, 6, EV 85.0 MPH)
J.T. Villagran to third
Phil Radil to second
Batting: RHB Melville Axon 0-0: Ball
1-0: Called Strike
1-1: Called Strike
1-2: Grounds into fielders choice 6-2 (Groundball, 6, EV 80.0 MPH)
Phil Radil to third
Corey Benson to second
Pitching: RHP Jacob Worford
Batting: LHB Archibald Vasquez 0-0: Called Strike
0-1: Foul Ball, location: 2F
0-2: Ball
1-2: Foul Ball, location: 2F
1-2: SINGLE (Flyball, 9S, EV 97.5 MPH)
Phil Radil scores
Corey Benson to third
Melville Axon to second
Batting: LHB Drew Katus 0-0: Ball
1-0: Called Strike
1-1: Called Strike
1-2: Foul Ball, location: 2F
1-2: Foul Ball, location: 2F
1-2: SINGLE (Line Drive, 56D, EV 96.9 MPH)
Corey Benson scores
Melville Axon to third
Archibald Vasquez to second
Pitching: LHP Chet Salaises
Batting: LHB Zander Compton 0-0: Called Strike
0-1: Foul Ball, location: 2F
0-2: Ball
1-2: Foul Ball, location: 2F
1-2: Ball
2-2: Strikes out looking
Top of the 6th over - 3 runs, 6 hits, 0 errors, 3 left on base; Eagle River 5 - Fort Lee 6
BOTTOM OF THE 6TH
Fort Lee Generals batting - Pitching for Eagle River Fat Boys : RHP Danny Boone
Batting: RHB Samuel Bowles 0-0: Swinging Strike
0-1: Ball
1-1: Ball
2-1: Foul Ball, location: 2F
2-2: Strikes out swinging
Batting: RHB Zane Poe 0-0: Ball
1-0: Ball
2-0: Called Strike
2-1: Foul Ball, location: 2F
2-2: Ball
3-2: Foul Ball, location: 2F
3-2: Strikes out swinging
Batting: RHB Brian Heard 0-0: Ball
1-0: Ball
2-0: Ball
3-0: Base on Balls
Batting: SHB Dallas Johnson 0-0: Called Strike
Brian Heard steals 2nd, throwing error, E2
Brian Heard to third
0-1: Called Strike
0-2: Ball
1-2: Ground out U3 (Groundball, 3, EV 83.1 MPH)
Bottom of the 6th over - 0 runs, 0 hits, 1 error, 1 left on base; Eagle River 5 - Fort Lee 6
TOP OF THE 7TH
Eagle River Fat Boys batting - Pitching for Fort Lee Generals : LHP Chet Salaises
Pitching: LHP K.J. Sutherland
Batting: SHB James Van Doorne 0-0: Ball
1-0: Swinging Strike
1-1: Foul Ball, location: 2F
1-2: Strikes out swinging
Batting: RHB Paul Finlayson 0-0: Ball
1-0: Ground out 4-3 (Groundball, 4MD, EV 85.0 MPH)
Batting: RHB J.T. Villagran 0-0: Ball
1-0: Ball
2-0: Ball
3-0: Base on Balls
Batting: RHB Phil Radil 0-0: Ball
1-0: Ball
2-0: Called Strike
2-1: Swinging Strike
2-2: Fly out, F8 (Flyball, 8LXD, EV 82.5 MPH)
Top of the 7th over - 0 runs, 0 hits, 0 errors, 1 left on base; Eagle River 5 - Fort Lee 6
BOTTOM OF THE 7TH
Fort Lee Generals batting - Pitching for Eagle River Fat Boys : RHP Danny Boone
Batting: LHB Rod Pamungkas 0-0: Ball
1-0: Called Strike
1-1: Ball
2-1: Ball
3-1: Called Strike
3-2: Strikes out swinging
Batting: RHB Dillon Brady 0-0: Swinging Strike
0-1: Ball
1-1: SOLO HOME RUN (Flyball, 7LD, EV 96.2 MPH), Distance : 354 ft
Pitching: RHP Hakim Andrus
Batting: RHB Corby Maish 0-0: Called Strike
0-1: Foul Ball, location: 2F
0-2: Strikes out looking
Batting: RHB Trevon Nixon 0-0: Called Strike
0-1: Called Strike
0-2: Ball
1-2: Foul Ball, location: 2F
1-2: Strikes out swinging
Bottom of the 7th over - 1 run, 1 hit, 0 errors, 0 left on base; Eagle River 5 - Fort Lee 7
TOP OF THE 8TH
Eagle River Fat Boys batting - Pitching for Fort Lee Generals : LHP K.J. Sutherland
Batting: RHB Corey Benson 0-0: Ball
1-0: SINGLE (Groundball, 4S, EV 69.4 MPH) (infield hit)
Batting: RHB Melville Axon 0-0: Grounds into double play, 4-6-3 (Groundball, 4, EV 101.2 MPH)
Batting: RHB Tommy Tyrrell 0-0: Ball
1-0: Ball
2-0: Foul Ball, location: 2F
2-1: Foul Ball, location: 2F
2-2: Strikes out looking
Top of the 8th over - 0 runs, 1 hit, 0 errors, 0 left on base; Eagle River 5 - Fort Lee 7
BOTTOM OF THE 8TH
Fort Lee Generals batting - Pitching for Eagle River Fat Boys : RHP Hakim Andrus
Batting: SHB Martavious Visser 0-0: Called Strike
0-1: Swinging Strike
0-2: Ball
1-2: Ball
2-2: Fly out, F9 (Line Drive, 89D, EV 90.6 MPH)
Batting: RHB Samuel Bowles 0-0: Ball
1-0: Foul Ball, location: 2F
1-1: Swinging Strike
1-2: Foul Ball, location: 2F
1-2: Strikes out swinging
Batting: RHB Zane Poe 0-0: Called Strike
0-1: Ball
1-1: Ball
2-1: Ball
3-1: Base on Balls
Batting: RHB Brian Heard 0-0: Foul Ball, location: 2F
0-1: Swinging Strike
0-2: Foul Ball, location: 2F
0-2: Ball
1-2: Foul Ball, location: 2F
1-2: Strikes out swinging
Bottom of the 8th over - 0 runs, 0 hits, 0 errors, 1 left on base; Eagle River 5 - Fort Lee 7
TOP OF THE 9TH
Eagle River Fat Boys batting - Pitching for Fort Lee Generals : LHP K.J. Sutherland
Pitching: LHP Cory Shetler
Batting: LHB Drew Katus 0-0: Ball
1-0: Ground out U3 (Groundball, 34, EV 88.8 MPH)
Batting: LHB Zander Compton 0-0: Ball
1-0: Ball
2-0: Ball
3-0: Called Strike
3-1: SINGLE (Groundball, 34D, EV 105.0 MPH)
Batting: SHB James Van Doorne 0-0: Ball
1-0: Ball
2-0: Foul Ball, location: 2F
2-1: Grounds into double play, 3-6-3 (Groundball, 34, EV 80.6 MPH)
Top of the 9th over - 0 runs, 1 hit, 0 errors, 0 left on base; Eagle River 5 - Fort Lee 7
Wednesday, May 15th , 2024 - OOTP Baseball 23.10 Build 110